 Dungeon Crawl Stone Soup version 0.29-a0-207-gf982a884d8 (webtiles) character file.

Game seed: 16060745315718846957

65 ReploidZero the Skirmisher (level 4, -2/36 HPs)
             Began as a Vine Stalker Fighter on Feb 23, 2022.
             Slain by a water moccasin (4 damage)
             ... on level 3 of the Dungeon.
             The game lasted 00:02:28 (2180 turns).

ReploidZero the Skirmisher (Vine Stalker Fighter)   Turns: 2180, Time: 00:02:29

Health: -2/36      AC:  6    Str: 21    XL:     4   Next: 13%
Magic:  0/5        EV:  9    Int:  8    God:
Gold:   104        SH:  4    Dex: 13    Spells: 3/3 levels left

rFire   . . .      SeeInvis .   e - +3 short sword
rCold   . . .      Faith    .   c - +0 buckler
rNeg    . . .      Spirit   +   b - +0 scale mail
rPois   .          Reflect  .   (no helmet)
rElec   .          Harm     .   (no cloak)
rCorr   .          Rampage  .   (no gloves)
Will    .....                   (no boots)
Stlth   ..........              (no amulet)
HPRegen 0.92/turn               (no ring)
MPRegen 0.09/turn               (no ring)

@: berserking, lethally poisoned (-2 -> -11), hasted, very quick
A: fangs 2, regeneration 1, magic shield, antimagic bite, no potion heal 2
a: no special abilities


You were on level 3 of the Dungeon.
You visited 1 branch of the dungeon, and saw 3 of its levels.

You collected 104 gold pieces.

Inventory:

Hand Weapons
 a - a +0 long sword
 e - a +3 short sword (weapon)
Armour
 b - a +0 scale mail (worn)
 c - a +0 buckler (worn)
Potions
 d - 2 potions of might


   Skills:
 + Level 3.2 Fighting
 + Level 2.4 Long Blades
 + Level 2.9 Armour
 + Level 3.2 Shields


You had 3 spell levels left.
You didn't know any spells.
Your spell library contained the following spells:

 Spells                   Type           Power      Damage    Failure   Level
 Animate Skeleton         Necr           0%         N/A       83%         1
 Foxfire                  Conj/Fire      0%         2x1d4     83%         1
 Conjure Flame            Conj/Fire      0%         6-21      99%         3
 Inner Flame              Hex/Fire       0%         N/A       99%         3
 Flame Wave               Conj/Fire      0%         2d4       100%        4


Dungeon Overview and Level Annotations

Branches:
Dungeon (3/15)

Altars:

Shops:
D:3 (!


Innate Abilities, Weirdness & Mutations

You have extremely sharp teeth.
Your natural rate of healing is unusually fast.
When hurt, damage is shared between your health and your magic reserves.
Your bite disrupts and absorbs the magic of your enemies.
Potions cannot restore your health.


Message History

Found 13 stones.
Found Wule's Antique Weapon Boutique.
A water moccasin comes into view.
The water moccasin hisses angrily.
The water moccasin moves out of view.
A water moccasin is nearby!
A water moccasin is nearby!
A water moccasin is nearby!
The water moccasin barely misses you.
You miss the water moccasin. Your bite misses the water moccasin.
The water moccasin bites you.
You are poisoned.
The water moccasin poisons you!
You closely miss the water moccasin. You bite the water moccasin.
You drain its power.
The water moccasin is lightly wounded.
You feel very sick. The water moccasin barely misses you.
The water moccasin bites you.
You closely miss the water moccasin.
You bite the water moccasin, but do no damage.
The water moccasin is lightly wounded.
You feel very sick.
The water moccasin bites you but does no damage.
You closely miss the water moccasin.
The water moccasin is lightly wounded.
You feel sick. The water moccasin bites you.
You are lethally poisoned!
The water moccasin poisons you!
You are too injured to fight recklessly!
You are too injured to fight recklessly!
You are too injured to fight recklessly!
It was a potion of haste.
You feel yourself speed up.
* * * LOW HITPOINT WARNING * * *
You feel very sick.
The water moccasin closely misses you. x2
A red film seems to cover your vision as you go berserk!
You feel yourself moving faster!
You feel mighty!
* * * LOW HITPOINT WARNING * * *
You feel very sick. The water moccasin bites you!
You die...

.#...########
(∩...........#
...#.#..........#
#.#...#.........#
.........##....
#.<##...##S.#
#.)......@.##..#
####...##....∩....#
...#.......##.....#
##.........# ..####
...........##..#
##.##.......####
#.##.....#....
#.......####.$
##......<.# ...


You could see a water moccasin.

Vanquished Creatures
  2 adders (D:2)
  A worm (D:2)
  A dart slug (D:1)
  2 endoplasms (D:1)
  5 goblins
  5 hobgoblins
  9 jackals (D:1)
  4 ball pythons
  2 bats (D:1)
  4 kobolds
  4 rats
39 creatures vanquished.

Notes
Turn   | Place    | Note
-------+----------+-------------------------------------------
     0 | D:1      | ReploidZero the Vine Stalker Fighter began the quest for
                  | the Orb.
     0 | D:1      | Reached XP level 1. HP: 11/11 MP: 2/2
   147 | D:1      | Reached XP level 2. HP: 13/16 MP: 3/3
   829 | D:1      | Reached XP level 3. HP: 19/20 MP: 4/4
  1388 | D:2      | Found a faded altar of an unknown god.
  1397 | D:2      | Got Plato's Reference Book on Sinister Rituals
  1738 | D:2      | Gained mutation: Your natural rate of healing is unusually
                  | fast. [Vine Stalker growth]
  1738 | D:2      | Reached XP level 4. HP: 24/24 MP: 5/5
  2167 | D:3      | Found Jafaprel's Distillery.
  2170 | D:3      | Found Wule's Antique Weapon Boutique.
  2172 | D:3      | Noticed a water moccasin
  2180 | D:3      | Slain by a water moccasin

Illustrated notes

Levels and vault maps discovered:
D:1:      psy_arrival_radial02, layout_basic
D:2:      layout_basic, shapermc_ecumenical_altar_rom_forum
D:3:      layout_rooms, serial_shops, nicolae_square_shop,
          nicolae_shop_advertising_works [nicolae_subvault_shop_adworks], shop,
          nicolae_shop_crystal

Skill      XL: |  1  2 |
---------------+-------+-----
Long Blades    | 2 |  2.4
Shields        | 3 |  3.2
Fighting       | 3 |  3.2
Armour         | |  2.9

Action                   |  1- 3 |  4- 6 || total
-------------------------+-------+-------++-------
Melee: Long sword        |    29 |       ||    29
       Bite              |    15 |     5 ||    20
       Short sword       |    58 |    20 ||    78
  Use: Scroll            |       |     6 ||     6
       Potion            |       |     2 ||     2
Armor: Scale mail        |    38 |     5 ||    43
Dodge: Dodged            |    42 |     8 ||    50
Block: Buckler           |    18 |     2 ||    20

Table legend: (Time is in decaauts)
 A = Elapsed time spent in this place.
 B = Non-inter-level travel time spent in this place.
 C = Inter-level travel time spent in this place.
 D = Time resting spent in this place.
 E = Time spent auto-exploring this place.
 F = Levels seen in this place.
 G = Mean time per level.
                   A        B        C        D        E       F      G
               +--------+--------+--------+--------+--------+-----+--------+
         Total |   2195 |   2156 |     39 |      0 |   1893 |   3 |  731.7 |
       Dungeon |   2195 |   2156 |     39 |      0 |   1893 |   3 |  731.7 |
               +--------+--------+--------+--------+--------+-----+--------+

Top non-repeatable levels by time:
     D:1: 1301 daAuts
     D:2: 875 daAuts
     D:3: 18 daAuts
